 Dungeon Crawl Stone Soup version 0.27.1-34-g3ba077fa99 (webtiles) character file.

Game seed: 15346732321693574422

1232 halfoni the Chopper (level 8, -1/62 HPs)
             Began as a Human Berserker on Dec 27, 2021.
             Was a Priest of Trog.
             Slain by an orc wizard (4 damage)
             ... on level 5 of the Dungeon on Jan 10, 2022.
             The game lasted 00:09:20 (7461 turns).

halfoni the Chopper (Human Berserker)               Turns: 7461, Time: 00:09:20

Health: -1/62      AC: 11    Str: 20    XL:     8   Next: 77%
Magic:  8/8        EV:  9    Int:  8    God:    Trog [***...]
Gold:   197        SH:  0    Dex: 12    Spells: 7/7 levels left

rFire    . . .     SeeInvis .   a - +0 hand axe
rCold    . . .     Faith    .   (no shield)
rNeg     . . .     Spirit   .   n - +0 chain mail
rPois    .         Reflect  .   (no helmet)
rElec    .         Harm     .   (no cloak)
rCorr    .         Rampage  .   (no gloves)
Will     .....                  o - +0 pair of boots
Stlth    ..........             h - amulet of the acrobat
HPRegen  0.20/turn              (no ring)
MPRegen  0.11/turn              (no ring)

@: on berserk cooldown
A: no striking features
a: Renounce Religion, Berserk, Trog's Hand


You were on level 5 of the Dungeon.
You worshipped Trog.
Trog was most pleased with you.
You visited 1 branch of the dungeon, and saw 6 of its levels.

You collected 197 gold pieces.

Inventory:

Hand Weapons
 a - a +0 hand axe (weapon)
Armour
 n - a +0 chain mail (worn)
 o - a +0 pair of boots (worn)
 p - the +1 robe "Wofaq" {rN++ Str+2}
   (You found it on level 6 of the Dungeon)

   Str:       It affects your strength (+2).
   rN:        It greatly protects you from negative energy.
Jewellery
 h - an amulet of the acrobat (around neck)
Wands
 c - a wand of polymorph (6)
Scrolls
 b - a scroll of enchant weapon {unknown}
 e - a scroll of holy word
 f - a scroll of summoning
 j - a scroll of torment
 l - 2 scrolls of identify
 q - a scroll of blinking {unknown}
Potions
 d - 2 potions of curing
 g - a potion of attraction {unknown}
 i - a potion of invisibility {unknown}
 k - a potion of lignification {unknown}
 m - a potion of haste {unknown}


   Skills:
 + Level 5.1 Fighting
 + Level 7.2 Axes
 + Level 5.5 Armour
 + Level 3.6 Dodging


You had 7 spell levels left.
You didn't know any spells.
Your spell library was empty.

Dungeon Overview and Level Annotations

Branches:
Dungeon (6/15)             Temple (0/1) D:5

Altars:
Cheibriados
Gozag
Kikubaaqudgha
Yredelemnul

Shops:
D:6 (


Message History

You hit the orc warrior.
You kill the orc warrior!
Trog accepts your kill.
An orc comes into view.
It is wielding a +1 short sword of venom.
The orc warrior hits you with a +0 flail!
* * * LOW HITPOINT WARNING * * *
The orc shouts!
You feel a strong urge to attack something.
You are no longer berserk.
You are exhausted.
You feel yourself slow down. The orc warrior barely misses you.
The orc warrior barely misses you. The orc warrior closely misses you.
The orc warrior hits you with a +0 flail.
* * * LOW HITPOINT WARNING * * *
The orc wizard casts a spell.
The orc wizard flickers and vanishes!
Deactivating autopickup; reactivate with Ctrl-A.
The orc warrior misses you. The orc warrior completely misses you.
The orc warrior hits you with a +0 flail!
* * * LOW HITPOINT WARNING * * *
A magic dart appears from out of thin air!
The magic dart hits you but does no damage.
You feel yourself speed up. The orc warrior misses you.
There is a stone staircase leading up here.
The orc warrior hits you but does no damage.
Something hits you.
* * * LOW HITPOINT WARNING * * *
You climb upwards.
Reactivating autopickup.
There is a stone staircase leading down here.
Unknown command.
You hit the orc warrior but do no damage.
The orc warrior is severely wounded.
You barely miss something. The orc warrior closely misses you.
Something hits you.
You die...

###..# #......#####....#..#.#
###...# ####..##...#.##....####.)
..#...###....###..#........####..
...........### #..##....#...#.#.#
...#..>.#..# ##........##.....#
......####.#####.........##.....#
...##...##..#..#..####..####....#
...###...##.....{...##..# #......
#### ##..##.##.o@.......###(.....
##..........#..##...#......
##...........#..#...........
##...#...............#.......
#........................###.
##......................###..
###......#....###......###:.#
#.......##.....##......###...
##.....#####..####..........#


You could see an orc warrior.

Vanquished Creatures
  A steam dragon (D:6)
  An ice beast (D:4)
  A hornet zombie (D:6)
  An orc warrior (D:6)
  2 ogres
  A centaur (D:5)
  A bullfrog (D:4)
  2 scorpions
  2 bullfrog skeletons
  A hound (D:5)
  A jelly (D:5)
  2 orc priests (D:3)
  An orc wizard (D:6)
  A killer bee zombie (D:5)
  A hound skeleton (D:5)
  10 adders
  An ufetubus (D:3)
  A worm (D:3)
  3 dart slugs (D:2)
  10 orcs
  8 ball pythons
  4 endoplasms (D:2)
  7 giant cockroaches
  5 goblins
  6 hobgoblins
  2 jackals (D:1)
  7 kobolds
  7 quokkas
  2 bats
  2 frilled lizards (D:2)
  5 rats
99 creatures vanquished.

Notes
Turn   | Place    | Note
-------+----------+-------------------------------------------
     0 | D:1      | halfoni the Human Berserker began the quest for the Orb.
     0 | D:1      | Reached XP level 1. HP: 18/18 MP: 1/1
   228 | D:1      | Upgraded the game from 0.27.1-33-g824d729ab1 to
                  | 0.27.1-34-g3ba077fa99
   355 | D:1      | Reached XP level 2. HP: 8/24 MP: 2/2
  1537 | D:2      | Reached XP level 3. HP: 29/29 MP: 3/3
  1994 | D:2      | Reached XP level 4. HP: 35/35 MP: 4/4
  2230 | D:2      | Reached ** piety under Trog
  2432 | D:2      | Reached skill level 4 in Axes
  2679 | D:2      | Found a basalt altar of Yredelemnul.
  2694 | D:2      | Reached XP level 5. HP: 41/41 MP: 5/5
  3213 | D:3      | Found an opulent altar of Gozag.
  3426 | D:3      | Noticed an ogre
  3432 | D:3      | Killed an ogre
  3433 | D:3      | Reached XP level 6. HP: 48/48 MP: 6/6
  3691 | D:3      | Found a snail-covered altar of Cheibriados.
  3832 | D:3      | Reached skill level 5 in Axes
  4345 | D:3      | Found an ancient bone altar of Kikubaaqudgha.
  4974 | D:4      | Reached *** piety under Trog
  4975 | D:4      | Reached XP level 7. HP: 49/54 MP: 7/7
  5868 | D:5      | Entered Level 5 of the Dungeon
  5894 | D:5      | Found a staircase to the Ecumenical Temple.
  5921 | D:5      | Reached skill level 6 in Axes
  6456 | D:5      | Reached XP level 8. HP: 61/61 MP: 8/8
  6923 | D:6      | Identified the +1 robe "Wofaq" {rN++ Str+2}
  6972 | D:6      | Reached skill level 5 in Armour
  6978 | D:6      | Reached skill level 7 in Axes
  7416 | D:6      | Found Fottuiziurgh's Weapon Boutique.
  7429 | D:6      | Reached skill level 5 in Fighting
  7453 | D:6      | HP: 2/62 [orc warrior (13)]
  7459 | D:6      | HP: 2/62 [something (1)]
  7461 | D:5      | Slain by an orc wizard

Illustrated notes

Levels and vault maps discovered:
D:1:      lemuel_arrival_rhombus, layout_basic, minmay_misc_feat_cross
D:2:      minmay_recursive_quarters, layout_basic, basic_altar
D:3:      layout_loops_corners, mainiacjoe_overflow_tiny_flanked,
          cheibrodos_worm_habitat, mainiacjoe_overflow_concentric_impassable
D:4:      layout_rooms
D:5:      layout_cave_pools, minmay_temple_entry_statues_pillars
D:6:      layout_loops_corners, serial_shops, nicolae_stop_n_shop_1

Skill      XL: |  1  2  3  4  5  6  7  8 |
---------------+-------------------------+-----
Axes           | 4 5 6 7 |  7.2
Armour         | 3 4 5 |  5.5
Fighting       | 4 5 |  5.1
Dodging        | 3 |  3.6

Action                   |  1- 3 |  4- 6 |  7- 9 || total
-------------------------+-------+-------+-------++-------
Melee: Hand axe          |    79 |   135 |   143 ||   357
Invok: Berserk           |     3 |     7 |     8 ||    18
  Use: Scroll            |       |     5 |       ||     5
Armor: Ring mail         |    21 |    53 |    14 ||    88
       Scale mail        |       |       |    23 ||    23
       Chain mail        |       |       |    20 ||    20
Dodge: Dodged            |    52 |    87 |    88 ||   227
